 Dungeon Crawl Stone Soup version 0.19.5 (webtiles) character file.

2924 McKennaii the Thaumaturge (level 9, -7/54 HPs)
             Began as a High Elf Air Elementalist on Apr 19, 2017.
             Was a Believer of Sif Muna.
             Shot with an arrow by a centaur (11 damage)
             ... on level 7 of the Dungeon.
             The game lasted 00:28:04 (7182 turns).

McKennaii the Thaumaturge (HEAE)                    Turns: 7182, Time: 00:28:05

Health: -7/54      AC:  5    Str:  7    XL:     9   Next: 50%
Magic:  23/23      EV: 14    Int: 22    God:    Sif Muna [**....]
Gold:   330        SH:  0    Dex: 17    Spells: 4 memorised, 16 levels left

rFire  . . .     SeeInvis .     u - +5 long sword (freeze)
rCold  . . .     Gourm    .     a - +0 robe
rNeg   . . .     Faith    .     (no shield)
rPois  .         Spirit   .     (no helmet)
rElec  .         Reflect  .     f - +1 cloak
rCorr  .         Harm     .     (no gloves)
MR     .....                    l - +0 pair of boots
Stlth  ++........               (no amulet)
                                (no ring)
                                (no ring)

@: sluggish, very slow
A: no striking features
a: Divine Energy, Renounce Religion


You were on level 7 of the Dungeon.
You worshipped Sif Muna.
Sif Muna was pleased with you.
You were not hungry.

You visited 2 branches of the dungeon, and saw 9 of its levels.

You collected 330 gold pieces.

Inventory:

Hand Weapons
 u - a +5 long sword of freezing (weapon)
Armour
 a - a +0 robe (worn)
 f - a +1 cloak (worn)
 l - a +0 pair of boots (worn)
Wands
 m - a wand of iceblast (2/15)
 v - a wand of confusion (20/48)
 D - a wand of flame (24/48)
Scrolls
 d - 2 scrolls of identify {unknown}
 e - 3 scrolls of enchant weapon {unknown}
 g - 3 scrolls of recharging {unknown}
 h - 5 scrolls of remove curse {unknown}
 i - 4 scrolls of blinking {unknown}
 k - a scroll of enchant armour {unknown}
 o - 2 scrolls of teleportation {unknown}
 p - 2 scrolls of random uselessness {unknown}
 r - a scroll of immolation {unknown}
 x - a scroll of holy word {unknown}
 B - a scroll of magic mapping {unknown}
 E - a scroll of amnesia
Potions
 c - 2 potions of curing
 n - a potion of resistance {unknown}
 q - a potion of cancellation {unknown}
 s - a potion of brilliance {unknown}
 t - a potion of invisibility {unknown}
 w - a potion of berserk rage {unknown}
 z - 2 potions of degeneration {unknown}
 A - a potion of cure mutation {unknown}
 C - a potion of might {unknown}
Books
 b - a book of Air

   Spells                             Type                      Level
   a - Shock                          Conjuration/Air              1
   b - Swiftness                      Charms/Air                   2
   c - Repel Missiles                 Charms/Air                   2
   d - Static Discharge               Conjuration/Air              3
   e - Lightning Bolt                 Conjuration/Air              5
 y - a book of Misfortune

   Spells                             Type                      Level
   a - Confusing Touch                Hexes                        1
   b - Confuse                        Hexes                        3
   c - Gell's Gravitas                Hexes/Translocation          3
   d - Petrify                        Transmutation/Earth          4
   e - Metabolic Englaciation         Hexes/Ice                    5
   f - Yara's Violent Unravelling     Hexes/Transmutation          5
Comestibles
 j - 3 bread rations
 F - 4 fruits


   Skills:
 + Level 1.6 Fighting
 + Level 1.3 Long Blades
 + Level 3.2 Dodging
 + Level 3.2 Stealth
 + Level 0.4 Unarmed Combat
 + Level 9.4 Spellcasting
 + Level 7.2 Conjurations
 + Level 9.0 Air Magic


You had 16 spell levels left.
You knew the following spells:

 Your Spells              Type           Power        Failure   Level  Hunger
a - Shock                 Conj/Air       ####         1%          1    None
b - Swiftness             Chrm/Air       ####....     1%          2    None
c - Repel Missiles        Chrm/Air       ####..       1%          2    None
d - Lightning Bolt        Conj/Air       #####.....   10%         5    ####...


Dungeon Overview and Level Annotations

Branches:
Dungeon (8/15)             Temple (1/1) D:4
   Lair: D:8-11

Altars:
Ashenzari
Cheibriados
Dithmenos
Elyvilon
Fedhas
Gozag
Hepliaklqana
Kikubaaqudgha
Makhleb
Nemelex Xobeh
Okawaru
Qazlal
Ru
Sif Muna
Trog
Uskayaw
Vehumet
Xom
Yredelemnul
Zin
The Shining One

Shops:
D:4 }

Annotations:
D:3 crossborder's ghost, amateur GrFi


Message History

Autopickup is now on.
You start to feel a little slower.
You feel sluggish.
A centaur comes into view.
The centaur shouts!
The centaur misses you.
You barely miss the centaur. The centaur hits you.
Casting: Swiftness
Confirm with . or Enter, or press ? or * to list all spells.
Okay, then.
The centaur wields a shortbow.
The centaur shoots an arrow.
The arrow hits you.
The centaur shoots an arrow.
The arrow barely misses you.
The centaur shoots an arrow.
The arrow hits you.
You see here an arrow.
The centaur shoots an arrow.
The arrow hits you!
* * * LOW HITPOINT WARNING * * *
The centaur shoots an arrow.
The arrow closely misses you.
You see here an arrow.
The centaur shoots an arrow.
The arrow hits you!
You die...

#....# #.##.....###.# #
#.#..######............#
#.#.................####
#.#.###.....<.......#
#.#.....###.######..# #.#######
#..## #..# ###.#########.#.##
#..########## #................#
#..>.†.......
#)#.#####.###.#@####..##########
#.#.####.#.....(((##..#
#.#.....###.#####...c##
#>######.#....#...##.# #.#
##.###.#(####.# #.# ### #...#
#.# #.############.## #.#
#..........##...# #.#
########......#.####.#


You could see a centaur.

Vanquished Creatures
  A wyvern (D:8)
  A water moccasin (D:7)
  2 orc warriors (D:7)
  An ice beast (D:8)
  2 black bears
  An ogre (D:8)
  4 centaurs
  2 phantoms
  A big kobold (D:8)
  5 bullfrogs
  2 scorpions (D:7)
  3 wights (D:6)
  2 crimson imps
  A bullfrog zombie (D:6)
  4 hounds
  A jelly (D:7)
  3 bullfrog skeletons
  3 orc priests
  A centaur skeleton (D:4)
  A gnoll shaman (D:4)
  An iguana (D:8)
  5 worker ants
  4 orc wizards
  A howler monkey zombie (D:4)
  8 adders
  9 gnolls
  A shadow imp (D:6)
  An adder zombie (D:6)
  6 worms
  29 orcs
  9 giant cockroaches
  2 gnoll zombies (D:3)
  7 goblins
  A hobgoblin (D:1)
  7 jackals
  4 quokkas
  3 ball pythons
  4 bats
  4 frilled lizards
  2 jackal skeletons
  8 kobolds
  A leopard gecko skeleton (D:6)
  A quokka zombie (D:6)
  5 rats
164 creatures vanquished.

Vanquished Creatures (others)
  An adder (D:3)
1 creature vanquished.

Grand Total: 165 creatures vanquished

Notes
Turn   | Place    | Note
-------+----------+-------------------------------------------
     0 | D:1      | McKennaii the High Elf Air Elementalist began the quest for the Orb.
     0 | D:1      | Reached XP level 1. HP: 11/11 MP: 4/4
   222 | D:1      | Reached XP level 2. HP: 11/17 MP: 0/6
   285 | D:1      | Learned a level 2 spell: Repel Missiles
   288 | D:1      | Learned a level 2 spell: Swiftness
   921 | D:1      | Reached XP level 3. HP: 14/21 MP: 1/7
  1232 | D:2      | Found a blossoming altar of Fedhas.
  1234 | D:2      | Found a snail-covered altar of Cheibriados.
  1236 | D:2      | Found a hazy altar of Hepliaklqana.
  1237 | D:2      | Found a bloodstained altar of Trog.
  1633 | D:3      | Reached XP level 4. HP: 27/27 MP: 0/9
  1869 | D:3      | Found a radiant altar of Vehumet.
  2228 | D:3      | Found a basalt altar of Yredelemnul.
  2299 | D:3      | Noticed crossborder's ghost (amateur GrFi)
  2501 | D:4      | Noticed a centaur
  2509 | D:3      | Reached XP level 5. HP: 20/32 MP: 2/11
  2622 | D:4      | Found Serch's Gadget Shop.
  2646 | D:4      | Reached skill level 5 in Air Magic
  2794 | D:4      | Noticed an ogre
  2895 | D:4      | Noticed an angel
  2896 | D:4      | Found a glowing silver altar of Zin.
  2929 | D:4      | Reached XP level 6. HP: 24/37 MP: 4/13
  3108 | D:4      | Found an iron altar of Okawaru.
  3305 | D:4      | Reached skill level 1 in Fighting
  3305 | D:4      | Reached skill level 5 in Spellcasting
  3328 | D:4      | Found a shimmering altar of Xom.
  3392 | D:4      | Found a staircase to the Ecumenical Temple.
  3399 | D:4      | Reached XP level 7. HP: 30/43 MP: 9/15
  3406 | Temple   | Entered the Ecumenical Temple
  3877 | D:5      | Entered Level 5 of the Dungeon
  5336 | D:6      | Found a deep blue altar of Sif Muna.
  5340 | D:6      | Became a worshipper of Sif Muna the Loreminder
  5348 | D:6      | Reached XP level 8. HP: 48/48 MP: 11/18
  5535 | D:6      | Learned a level 5 spell: Lightning Bolt
  5535 | D:6      | Found a shimmering altar of Xom.
  5610 | D:6      | Reached skill level 5 in Conjurations
  5665 | D:6      | Found a shimmering altar of Xom.
  5666 | D:6      | Found a shimmering altar of Xom.
  5672 | D:6      | Found a shimmering altar of Xom.
  5674 | D:6      | Found a shimmering altar of Xom.
  6102 | D:7      | Reached * piety under Sif Muna
  6587 | D:7      | Reached XP level 9. HP: 54/54 MP: 18/22
  6721 | D:7      | Found an ancient bone altar of Kikubaaqudgha.
  6807 | D:8      | Reached ** piety under Sif Muna
  6868 | D:8      | Reached skill level 1 in Long Blades
  6893 | D:8      | Found a stormy altar of Qazlal.
  6924 | D:8      | Found a sacrificial altar of Ru.
  7182 | D:7      | Shot with an arrow by a centaur

Skill      XL: |  1  2  3  4  5  6  7  8  9 |
---------------+----------------------------+-----
Air Magic      | 4 5 7 8 9 |  9.0
Spellcasting   | 3 4 5 6 8 9 |  9.4
Conjurations   | 2 3 4 6 7 |  7.2
Fighting       | 1 |  1.6
Stealth        | 3 |  3.2
Dodging        | 3 |  3.2
Long Blades    | 1 |  1.3
Unarmed Combat | |  0.4

Action                   |  1- 3 |  4- 6 |  7- 9 || total
-------------------------+-------+-------+-------++-------
Melee: Unarmed           |    12 |     9 |       ||    21
       Long sword        |       |       |     9 ||     9
 Cast: Shock             |    88 |   113 |   273 ||   474
       Repel Missiles    |     1 |       |       ||     1
       Swiftness         |       |       |     1 ||     1
  Use: Scroll            |       |     1 |       ||     1
       Potion            |       |       |     1 ||     1
  Eat: Bread ration      |     1 |       |     1 ||     2
       Fruit             |       |     4 |     2 ||     6
       Beef jerky        |       |     1 |       ||     1
       Meat ration       |       |       |     1 ||     1
       Royal jelly       |       |       |     1 ||     1
Armor: Robe              |     7 |    10 |    12 ||    29
Dodge: Dodged            |    20 |    27 |    46 ||    93
       Deflected         |       |     2 |     7 ||     9
       Rpst.: Long sword |       |       |    12 ||    12
